Map: Paladino Terminal LE

Players

Fropez

  • Race: Protoss Protoss
  • League: Platinum
  • Spawn Location: 5:00

Minardi - Winner!

  • Race: Terran Terran
  • League: Platinum
  • Spawn Location: 9:00

VOD

Have the link to the VOD?

Description

Time

  • Played on: Jan. 29, 2017, 11:36 p.m.
  • Length: 5:56
Show
View Real Time Build Order
Export as new Build Order

Fropez Protoss 

Build Orders:  

Get SALT Encoding   

  12  0:00  Probe (Chrono Boost)  
  13  0:11  Probe (Chrono Boost)  
  14  0:19  Pylon  
  14  0:26  Probe (Chrono Boost)  
  15  0:39  Gateway  
  15  0:41  Probe (Chrono Boost)  
  16  0:51  Probe (Chrono Boost)  
  16  0:52  Assimilator  
  17  1:02  Probe (Chrono Boost)  
  18  1:16  Probe (Chrono Boost)  
  19  1:29  Pylon  
  19  1:38  Probe (Chrono Boost)  
  19  1:39  Pylon  
  19  1:48  Probe (Chrono Boost)  
  20  2:00  Nexus  
  20  2:01  Pylon  
  20  2:03  Cybernetics Core  
  20  2:08  Assimilator  
  20  2:17  Gateway  
  20  2:23  Probe (Chrono Boost)  
  21  2:35  Warp Gate  
  22  2:40  Adept  
  22  2:42  Mothership Core (Chrono Boost)  
  25  3:02  Probe (Chrono Boost)  
  25  3:04  Adept  
  29  3:14  Probe (Chrono Boost)  
  30  3:25  Gateway  
  30  3:26  Probe (Chrono Boost), Gateway  
  30  3:27  Probe (Chrono Boost)  
  30  3:28  Assimilator  
  30  3:33  Adept  
  33  3:39  Probe (Chrono Boost)  
  33  3:40  Probe (Chrono Boost)  
  35  3:50  Probe (Chrono Boost)  
  35  3:53  Pylon  
  35  3:54  Probe (Chrono Boost)  
  37  4:00  Probe (Chrono Boost)  
  36  4:09  Adept x2  
  40  4:10  Pylon  
  40  4:11  Pylon  
  40  4:32  Probe (Chrono Boost)  
  40  4:34  Probe (Chrono Boost)  
  40  4:39  Pylon  
  40  4:43  Robotics Facility  
  40  4:50  Adept x2  
  44  5:07  Probe (Chrono Boost)  
  46  5:08  Probe (Chrono Boost)  
  46  5:13  Pylon, Gateway  
  46  5:20  Adept x2  
  46  5:21  Pylon  
  50  5:32  Probe (Chrono Boost)  
  50  5:33  Probe (Chrono Boost)  
  56  5:37  Twilight Council  
  54  5:46  Adept  
  54  5:47  Adept  
Show
View Real Time Build Order
Export as new Build Order

Minardi Terran - Winner!

Build Orders:  

Get SALT Encoding   

  12  0:04  SCV  
  13  0:22  Supply Depot  
  13  0:23  SCV  
  13  0:28  Refinery  
  14  0:36  SCV  
  15  0:48  SCV  
  15  0:49  Barracks  
  16  1:00  SCV  
  17  1:17  SCV  
  18  1:38  SCV  
  18  1:39  Marine  
  20  1:55  Orbital Command  
  20  1:59  Supply Depot, Barracks  
  20  2:06  Marine  
  21  2:10  Refinery  
  21  2:28  Factory  
  21  2:29  Marine  
  22  2:41  SCV  
  23  2:47  Marine  
  23  2:48  Marine  
  25  3:00  Supply Depot  
  25  3:05  Marine  
  26  3:07  Marine  
  26  3:09  SCV  
  28  3:12  Factory Tech Lab  
  28  3:21  SCV  
  28  3:23  Marine  
  28  3:26  Marine  
  31  3:32  Siege Tank  
  31  3:34  SCV  
  35  3:40  Marine  
  36  3:46  SCV  
  37  3:50  Marine  
  38  4:00  Marine  
  39  4:43  Marine, Siege Tank  
  43  4:50  Marine  
  44  5:01  Marine  
  45  5:07  Marine  
  45  5:12  Barracks  
  45  5:13  Barracks  
  46  5:14  Supply Depot x2  
  46  5:15  Command Center  
  46  5:18  Marine  
  45  5:25  Marine  
  46  5:36  Marine  
Tags
 
Add a new tag
Caveats
  • Supply blocks, unpowered buildings, or Contaminate may cause inaccurate times.
  • Supply counts are checked every 10 seconds.